 Dungeon Crawl Stone Soup version 0.19.0 (webtiles) character file.

56 TheGoonsmith the Caller (level 3, 0/19 HPs)
             Began as a Vine Stalker Summoner on Nov 16, 2016.
             Slain by a hobgoblin
             ... wielding a +0 club
             ... led by Robin
              (1 damage)
             ... on level 2 of the Dungeon.
             The game lasted 00:04:00 (2401 turns).

TheGoonsmith the Caller (Vine Stalker Summoner)     Turns: 2401, Time: 00:04:01

Health: 0/19       AC:  2    Str: 10    XL:     3   Next: 95%
Magic:  0/7        EV: 12    Int: 16    God:
Gold:   69         SH:  0    Dex: 14    Spells: 2 memorised, 3 levels left

rFire  . . .     SeeInvis .     m - +0 dagger
rCold  . . .     Gourm    .     a - +0 robe
rNeg   . . .     Faith    .     (no shield)
rPois  .         Spirit   +     (no helmet)
rElec  .         Reflect  .     (no cloak)
rCorr  .         Harm     .     (no gloves)
MR     .....                    (no boots)
Stlth  ++........               (no amulet)
                                (no ring)
                                (no ring)

@: no status effects
A: fangs 2, magic shield, antimagic bite, no device heal 3, rot immunity
a: no special abilities


You were on level 2 of the Dungeon.
You were hungry.

You visited 1 branch of the dungeon, and saw 2 of its levels.

You collected 69 gold pieces.

Inventory:

Hand Weapons
 e - a +0 club
 m - a +0 dagger (weapon)
Armour
 a - a +0 robe (worn)
Jewellery
 h - an uncursed ring of see invisible {unknown}
 r - an uncursed ring of flight {unknown}
Scrolls
 f - 2 scrolls of remove curse {unknown}
 i - 2 scrolls of identify {unknown}
 k - a scroll of fear {unknown}
 p - a scroll of amnesia {unknown}
 q - a scroll of noise {unknown}
Potions
 d - a potion of mutation {unknown}
 g - a potion of flight {unknown}
 j - a potion of curing {unknown}
 l - a potion of lignification {unknown}
 s - a potion of heal wounds {unknown}
Books
 b - a book of Callings

   Spells                             Type                      Level
   a - Summon Small Mammal            Summoning                    1
   b - Call Imp                       Summoning                    2
   c - Call Canine Familiar           Summoning                    3
   d - Summon Guardian Golem          Hexes/Summoning              3
   e - Summon Lightning Spire         Summoning/Air                4
   f - Summon Ice Beast               Ice/Summoning                4
Comestibles
 c - a beef jerky
 n - 5 chunks of flesh
 o - a bread ration


   Skills:
 + Level 2.3 Fighting
 * Level 1.6 Short Blades
 - Level 1.5 Dodging
 - Level 2.4 Stealth
 - Level 2.1 Spellcasting
 - Level 4.0 Summonings


You had 3 spell levels left.
You knew the following spells:

 Your Spells              Type           Power        Failure   Level  Hunger
a - Summon Small Mammal   Summ           ##..         4%          1    #......
b - Call Imp              Summ           ##......     8%          2    ###....


Dungeon Overview and Level Annotations

Branches:
Dungeon (2/15)

Altars:
Fedhas
Nemelex Xobeh


Innate Abilities, Weirdness & Mutations

You have extremely sharp teeth.
When hurt, damage is shared between your health and your magic reserves.
Your bite disrupts and absorbs the magic of your enemies.
Potions and wands cannot restore your health.
You are immune to rotting.


Message History

The hobgoblin hits you.
* * * LOW HITPOINT WARNING * * *
Unknown command.
Your shadow imp hits the hobgoblin.
The hobgoblin dies!
You see here a tomahawk.
You are feeling hungry.
You see here a tomahawk.
Okay, then.
Number of times to repeat, then command key: You must enter the number of times for the command to repeat.
You hit the hobgoblin.
You bite the hobgoblin, but do no damage.
The hobgoblin is moderately wounded.
The hobgoblin hits you with a club.
* * * LOW HITPOINT WARNING * * *
Your shadow imp hits the hobgoblin but does no damage.
Your magical contamination has completely faded away.
The hobgoblin hits you with a club.
You die...

##......#..# #... ......#.#.#
###.. ..........# #######....
......P.P.###...##...##
#####.._..##..........## ##
#.P.P..............# .#
#^.................# .#
##.####............# .####..#
##.>..@÷....## .......#
##..g#........
.#.....#######.#....##### #.
##(..).<....<(.........###...
#..........((5..)####.....
#......######).(..###...
#.##...)).# ##..#.....#######
#.†..####.# #..###.....†)..##
#..### #.# ##..†.)..######..#


You could see a hobgoblin.

Vanquished Creatures
  2 leopard geckos (D:1)
  3 goblins
  3 hobgoblins
  4 bats
  2 frilled lizards (D:1)
  5 rats (D:1)
19 creatures vanquished.

Vanquished Creatures (collateral kills)
  Robin (D:2)
  An adder (D:2)
  An ooze (D:1)
  A leopard gecko (D:1)
  A bat (D:2)
  A giant cockroach (D:2)
  8 goblins
  8 hobgoblins
  A quokka (D:2)
  5 frilled lizards
  A rat (D:1)
29 creatures vanquished.

Grand Total: 48 creatures vanquished

Notes
Turn   | Place    | Note
-------+----------+-------------------------------------------
     0 | D:1      | TheGoonsmith the Vine Stalker Summoner began the quest for the Orb.
     0 | D:1      | Reached XP level 1. HP: 9/9 MP: 4/4
   228 | D:1      | Reached skill level 1 in Fighting
   589 | D:1      | Reached XP level 2. HP: 14/14 MP: 4/6
  1739 | D:1      | Learned a level 2 spell: Call Imp
  1835 | D:2      | Found a blossoming altar of Fedhas.
  1846 | D:2      | Found a faded altar of an unknown god.
  1859 | D:2      | Reached XP level 3. HP: 15/18 MP: 5/7
  2027 | D:2      | Reached skill level 1 in Short Blades
  2273 | D:2      | Found a sparkling altar of Nemelex Xobeh.
  2326 | D:2      | Noticed Robin
  2362 | D:2      | Killed Robin
  2401 | D:2      | Slain by a hobgoblin

Skill      XL: |  1  2  3 |
---------------+----------+-----
Fighting       | 1 2 |  2.3
Short Blades   | 1 |  1.6
Dodging        | |  1.5
Stealth        | |  2.4
Spellcasting   | |  2.1
Summonings     | |  4.0

Action                   || total
-------------------------++-------
Melee: Club              ||    25
       Unarmed           ||     8
       Bite              ||    21
       Dagger            ||    52
 Cast: Summon Small Mamm ||    41
       Call Imp          ||     8
  Eat: Bread ration      ||     1
       Chunk             ||     1
Armor: Robe              ||    27
Dodge: Dodged            ||    80
